 Dungeon Crawl Stone Soup version 0.18-a0-1426-g3b9a63c (webtiles) character file.

7107 Goblin1989 the Cleaver (level 10, -1/80 HPs)
             Began as a Demonspawn Gladiator on Feb 27, 2016.
             Was a High Priest of Makhleb.
             Slain by an unseen horror (5 damage)
             ... on level 11 of the Dungeon.
             The game lasted 00:30:40 (10213 turns).

Goblin1989 the Cleaver (Demonspawn Gladiator)      Turns: 10213, Time: 00:30:41

Health: -1/80      AC: 16    Str: 15    XL:     10   Next: 84%
Magic:  24/24      EV:  8    Int:  9    God:    Makhleb [*****.]
Gold:   444        SH:  0    Dex: 15    Spells: 1 memorised, 3 levels left

rFire  . . .     SeeInvis .     a - +5 battleaxe of Xuestug {freeze, rC+ MP+9 Str-3}
rCold  + . .     Gourm    .     R - +0 plate armour
rNeg   . . .     Faith    .     (shield currently unavailable)
rPois  .         Spirit   .     c - +0 helmet
rElec  .         Dismiss  .     (no cloak)
rCorr  .         Reflect  .     l - +0 pair of gloves
SustAt .         Harm     .     j - +2 pair of boots {Stlth+}
MR     .....                    (no amulet)
Stlth  ..........               (no ring)
                                r - +4 ring of evasion

@: very slightly contaminated, hasted, very quick, not resistant to hostile
enchantments, extremely unstealthy
A: talons 2, icy blue scales 1, demonic guardian 2, foul stench 1, rot immunity
a: Minor Destruction, Lesser Servant of Makhleb, Major Destruction, Greater
Servant of Makhleb, Renounce Religion


You were on level 11 of the Dungeon.
You worshipped Makhleb.
Makhleb was extremely pleased with you.
You were not hungry.

You visited 1 branch of the dungeon, and saw 11 of its levels.

You collected 613 gold pieces.
You spent 169 gold pieces at shops.

Inventory:

Hand Weapons
 a - the +5 battleaxe of Xuestug (weapon) {freeze, rC+ MP+9 Str-3}
   (You took it off an orc on level 6 of the Dungeon)

   It has been specially enchanted to freeze those struck by it, causing extra
   injury to most foes and up to half again as much damage against particularly
   susceptible opponents.
   It can also slow down cold-blooded creatures.
   It affects your strength (-3).
   It protects you from cold.
   It affects your magic capacity (+9).
 b - a +0 blowgun
 z - a +0 morningstar
Missiles
 d - 3 throwing nets (quivered)
 u - 63 poisoned needles
 G - 6 javelins
 O - 3 tomahawks
Armour
 c - a +0 helmet (worn)
 j - a +2 pair of boots of stealth (worn)
 l - a +0 pair of gloves (worn)
 R - a +0 plate armour (worn)
Jewellery
 r - a +4 ring of evasion (left hand)
Wands
 h - a wand of acid (0/15)
 C - a wand of iceblast (10/15)
 D - a wand of enslavement (14/24)
 F - a wand of random effects (22/48)
 J - a wand of digging (10/24)
 Q - a wand of iceblast (0/15)
Scrolls
 e - 7 scrolls of remove curse
 i - 2 scrolls of enchant armour {unknown}
 k - 2 scrolls of recharging {unknown}
 m - 3 scrolls of fog {unknown}
 n - 3 scrolls of random uselessness {unknown}
 o - a scroll of noise {unknown}
 q - a scroll of vulnerability {unknown}
 s - 2 scrolls of teleportation {unknown}
 t - 3 scrolls of identify
 v - 3 scrolls of magic mapping {unknown}
 y - 2 scrolls of summoning {unknown}
 E - a scroll of blinking {unknown}
 K - 2 scrolls of enchant weapon {unknown}
 N - a scroll of immolation {unknown}
 P - a scroll of amnesia {unknown}
Potions
 g - a potion of cancellation
 p - a potion of ambrosia {unknown}
 A - 2 potions of curing
 L - 2 potions of brilliance
Comestibles
 f - 3 bread rations
 w - a royal jelly
 B - 3 beef jerkies
 H - 2 meat rations
 I - 4 fruits


   Skills:
 + Level 7.8 Fighting
 * Level 12.7 Axes
 - Level 1.7 Throwing
 - Level 2.6 Dodging
 + Level 6.9 Invocations


You had 3 spell levels left.
You knew the following spells:

 Your Spells              Type           Power        Failure   Level  Hunger
a - Simulacrum            Ice/Necr       #.........   100%        6    #######


Dungeon Overview and Level Annotations

Branches:
Dungeon (11/15)            Temple (0/1) D:7             Orc (0/2) D:10
   Lair: D:8-11

Altars:
Ashenzari
Fedhas
Kikubaaqudgha
Makhleb
Nemelex Xobeh
Pakellas
Trog
Zin
The Shining One

Shops:
D:4 (

Portals:
Trove: D:10 (give horn of Geryon)

Annotations:
D:10 Goblin1989's ghost, novice DsMo


Innate Abilities, Weirdness & Mutations

You have razor-sharp toenails.
You are partially covered in icy blue scales (AC +1).
A demonic guardian rushes to your aid.
You may emit foul miasma when damaged in melee.
You are immune to rotting.


Message History

* * * LOW HITPOINT WARNING * * *
Something hits you but does no damage. Something hits you but does no damage.
Something hits you!
* * * LOW HITPOINT WARNING * * *
Drink which item? (? for menu, Esc to quit)
You feel yourself speed up. Something hits you.
* * * LOW HITPOINT WARNING * * *
The orc wizard gestures at you while chanting.
The magic dart hits you!
* * * LOW HITPOINT WARNING * * *
You are very lightly contaminated with residual magic.
The orc wizard points at you and mumbles some strange words.
The magic dart hits you! Something hits you.
* * * LOW HITPOINT WARNING * * *
Something hits you!
* * * LOW HITPOINT WARNING * * *
You emit a cloud of foul miasma!
You miss something. Something hits you.
You die...

#..#...# #. ... #..#...+
#. ... #.(....# o.#..
#......# .#.. #.#....# ...
#.#....##+### #o#
#...........# #.#
#...........# #.#
#...#....@..# ####o#
#...#.....ยง.# ######....#
#...........####.......#.#
#..........(.....#.....#(.
#.####...........#.....#..
#. #...##......#.....#..
#. #...##.......).......
......................
#######################


There were no monsters in sight!

Vanquished Creatures
  Erica (D:8)
  A hill giant (D:10)
  The ghost of psellion the Chopper, a novice HOSk of Qazlal (D:5)
  A troll (D:11)
  A wyvern (D:9)
  A hungry ghost (D:7)
  2 hippogriffs (D:8)
  2 water moccasins
  2 ice beasts
  3 sky beasts
  3 orc warriors
  3 ogres
  A necrophage (D:10)
  5 centaurs
  A big kobold (D:9)
  2 giant frogs (D:9)
  A wyvern skeleton (D:10)
  3 scorpions
  4 killer bees
  3 howler monkeys
  5 crimson imps
  3 giant frog skeletons
  A giant frog zombie (D:5)
  6 hounds
  7 jellies
  5 orc priests
  10 orc wizards
  6 iguanas
  6 worker ants
  A hound zombie (D:10)
  2 hound skeletons
  A worker ant zombie (D:8)
  A gnoll (D:2)
  17 adders
  3 shadow imps
  3 oozes
  An adder zombie (D:7)
  2 adder skeletons
  2 worms
  2 dart slugs
  6 giant geckos
  36 orcs
  3 bats
  5 giant cockroaches
  6 goblins
  6 hobgoblins
  5 jackals
  16 kobolds
  A quokka (D:5)
  A giant gecko skeleton (D:4)
  2 giant gecko zombies
  4 giant newts
  10 rats
226 creatures vanquished.

Vanquished Creatures (collateral kills)
  A hill giant (D:7)
  The ghost of tasslehoff34 the Ducker, a novice DrCj (D:7)
  A troll (D:9)
  A hippogriff (D:8)
  A hungry ghost (D:8)
  A water moccasin (D:7)
  A giant frog (D:6)
  A wyvern zombie (D:6)
  4 killer bees
  A hound (D:9)
  An orc wizard (D:4)
  4 gnolls
  A shadow imp (D:7)
  An orc (D:4)
20 creatures vanquished.

Grand Total: 246 creatures vanquished

Notes
Turn   | Place    | Note
--------------------------------------------------------------
     0 | D:1      | Goblin1989 the Demonspawn Gladiator began the quest for the Orb.
     0 | D:1      | Reached XP level 1. HP: 16/16 MP: 1/1
    79 | D:1      | Reached skill level 3 in Axes
   361 | D:1      | Gained mutation: You are immune to rotting. [demonic ancestry]
   361 | D:1      | Reached XP level 2. HP: 22/22 MP: 2/2
   972 | D:2      | Gained mutation: A weak demonic guardian rushes to your aid. [demonic ancestry]
   972 | D:2      | Reached XP level 3. HP: 24/27 MP: 3/3
  1027 | D:2      | Found a burning altar of Makhleb.
  1032 | D:2      | Reached skill level 4 in Axes
  1068 | D:2      | Became a worshipper of Makhleb the Destroyer
  1556 | D:2      | Gained mutation: You are partially covered in icy blue scales (AC +1). [demonic ancestry]
  1556 | D:2      | Reached XP level 4. HP: 30/33 MP: 4/4
  1610 | D:2      | Found a burning altar of Makhleb.
  1982 | D:2      | Reached skill level 5 in Axes
  2874 | D:3      | Reached XP level 5. HP: 33/38 MP: 5/5
  2912 | D:3      | Reached * piety under Makhleb
  2938 | D:3      | Found a glowing golden altar of the Shining One.
  3201 | D:3      | Found a bloodstained altar of Trog.
  3454 | D:4      | Found Faradd's Antique Weapon Boutique.
  3457 | D:4      | Bought a glowing battleaxe for 169 gold pieces
  3511 | D:4      | Reached skill level 6 in Axes
  3528 | D:4      | Gained mutation: A demonic guardian rushes to your aid. [demonic ancestry]
  3528 | D:4      | Reached XP level 6. HP: 44/44 MP: 6/6
  3868 | D:4      | Reached ** piety under Makhleb
  4037 | D:5      | Entered Level 5 of the Dungeon
  4037 | D:5      | Noticed psellion's ghost (novice HOSk)
  4042 | D:5      | Killed psellion's ghost
  4042 | D:5      | Reached skill level 7 in Axes
  4042 | D:5      | Reached XP level 7. HP: 48/50 MP: 7/7
  4202 | D:5      | Found a shattered altar of Ashenzari.
  4256 | D:5      | Found an ancient bone altar of Kikubaaqudgha.
  4256 | D:5      | Found an oddly glowing altar of Pakellas.
  4260 | D:5      | Found a sparkling altar of Nemelex Xobeh.
  4463 | D:5      | Reached skill level 8 in Axes
  4903 | D:6      | Got a twisted battleaxe {freeze}
  4935 | D:6      | HP: 2/50 [poisoned by an orc wizard]
  5186 | D:6      | Identified the +5 battleaxe of Xuestug {freeze, rC+ MP+9 Str-3} (You took it off an orc on level 6 of the Dungeon)
  5527 | D:6      | Gained mutation: You may emit foul miasma when damaged in melee. [demonic ancestry]
  5527 | D:6      | Reached XP level 8. HP: 8/57 MP: 8/8
  5529 | D:6      | Reached *** piety under Makhleb
  5845 | D:6      | Found a sparkling altar of Nemelex Xobeh.
  5906 | D:6      | Reached skill level 9 in Axes
  6351 | D:7      | Noticed tasslehoff34's ghost (novice DrCj)
  6498 | D:7      | Noticed a hill giant
  6508 | D:7      | Killed a hill giant
  6555 | D:7      | Reached skill level 10 in Axes
  6579 | D:7      | Gained mutation: You have sharp toenails. [demonic ancestry]
  6579 | D:7      | Reached XP level 9. HP: 46/66 MP: 9/9
  6785 | D:7      | Learned a level 6 spell: Simulacrum
  6789 | D:7      | Found a staircase to the Ecumenical Temple.
  6807 | D:7      | Reached skill level 5 in Fighting
  7134 | D:7      | Killed tasslehoff34's ghost
  7152 | D:7      | Reached **** piety under Makhleb
  7181 | D:7      | Reached skill level 11 in Axes
  7450 | D:8      | Noticed Erica
  7455 | D:8      | Killed Erica
  7826 | D:8      | Gained mutation: You have razor-sharp toenails. [demonic ancestry]
  7826 | D:8      | Reached XP level 10. HP: 67/77 MP: 12/12
  8296 | D:9      | Found a glowing silver altar of Zin.
  8314 | D:9      | Reached skill level 12 in Axes
  8314 | D:9      | Reached skill level 5 in Invocations
  8431 | D:9      | Reached ***** piety under Makhleb
  8813 | D:9      | Found a blossoming altar of Fedhas.
  9040 | D:10     | Entered Level 10 of the Dungeon
  9126 | D:10     | Noticed Goblin1989's ghost (novice DsMo)
  9471 | D:10     | Noticed a hill giant
  9477 | D:10     | Killed a hill giant
  9615 | D:10     | Found a staircase to the Orcish Mines.
  9726 | D:10     | Found a portal to a secret trove of treasure.
 10212 | D:11     | HP: 4/80 [something (7)]
 10213 | D:11     | Slain by an unseen horror

Vault maps used:
D:1:      lightli_arrival_lavapool
D:2:      makhleb_grotto_becter, bloody_makhleb
D:3:      nicolae_overflow_crystal_walls, marbit_many_paths,
          hangedman_decor_lopped
D:4:      first_bread, serial_shops, kennysheep_mini_moat
D:5:      grunt_temple_overflow_open
D:6:      nemelex_xobeh_ov_fountains_minmay
D:7:      minmay_opposing_rooms, grunt_temple_overflow_diamond,
          minmay_temple_entry_statues_fountains
D:8:      uniq_erica
D:9:      nicolae_overflow_hidden_temple, kennysheep_mini
D:10:     lair_0_dummy, orc_0_dummy, enter_trove_1

Skill      XL: |  1  2  3  4  5  6  7  8  9 10 |
---------------+-------------------------------+-----
Axes           | 3 4 5 6 7 8 10 11 12 | 12.7
Fighting       | 4 6 7 |  7.8
Invocations    | 3 6 |  6.9
Throwing       | |  1.7
Dodging        | |  2.6

Action                   |  1- 3 |  4- 6 |  7- 9 | 10-12 || total
-------------------------+-------+-------+-------+-------++-------
Melee: War axe           |    78 |   106 |       |       ||   184
       Battleaxe         |       |    49 |   296 |   167 ||   512
 Fire: Blowgun           |       |       |       |     3 ||     3
Invok: Lesser Servant of |       |       |     1 |     1 ||     2
Evoke: Wand              |       |       |     2 |     5 ||     7
  Use: Potion            |       |     2 |    11 |     1 ||    14
       Scroll            |       |       |     2 |     1 ||     3
 Stab: Sleeping          |     2 |     1 |       |       ||     3
       Distracted        |       |     1 |       |       ||     1
  Eat: Chunk             |     1 |     9 |     8 |     8 ||    26
       Meat ration       |       |       |     1 |       ||     1
       Bread ration      |       |       |     1 |       ||     1
